 Dungeon Crawl Stone Soup version 0.27.0-1-g7a089689b8 (webtiles) character file.

Game seed: 319787859312589333

47 dtburroughs the Skirmisher (level 3, -5/49 HPs)
             Began as a Minotaur Berserker on Aug 4, 2021.
             Was a Follower of Trog.
             Slain by Robin (7 damage)
             ... on level 2 of the Dungeon.
             The game lasted 00:01:11 (890 turns).

dtburroughs the Skirmisher (Minotaur Berserker)      Turns: 890, Time: 00:01:11

Health: -5/49      AC:  2    Str: 21    XL:     3   Next: 48%
Magic:  2/2        EV: 12    Int:  5    God:    Trog [*.....]
Gold:   83         SH:  0    Dex:  9    Spells: 2/2 levels left

rFire    . . .     SeeInvis .   a - +0 hand axe
rCold    . . .     Faith    .   (no shield)
rNeg     . . .     Spirit   .   b - +0 animal skin
rPois    .         Reflect  .   (helmet restricted)
rElec    .         Harm     .   (no cloak)
rCorr    .         Rampage  .   (no gloves)
Will     .....                  (no boots)
Stlth    ..........             (no amulet)
HPRegen  0.16/turn              (no ring)
MPRegen  0.08/turn              (no ring)

@: berserking, very quick
A: horns 2, retaliatory headbutt
a: Renounce Religion, Berserk


You were on level 2 of the Dungeon.
You worshipped Trog.
Trog was aware of your devotion.
You visited 1 branch of the dungeon, and saw 2 of its levels.

You collected 83 gold pieces.

Inventory:

Hand Weapons
 a - a +0 hand axe (weapon)
Armour
 b - a +0 animal skin (worn)
Jewellery
 g - a +6 ring of strength
Scrolls
 d - a scroll of fog {unknown}
Potions
 c - a potion of curing {unknown}
 e - a potion of heal wounds {unknown}
 f - a potion of berserk rage {unknown}
 h - a potion of cancellation {unknown}


   Skills:
 + Level 4.2 Fighting
 + Level 4.2 Axes
 + Level 3.1 Armour
 + Level 2.9 Dodging


You had 2 spell levels left.
You didn't know any spells.
Your spell library was empty.

Dungeon Overview and Level Annotations

Branches:
Dungeon (1/15)

Altars:

Annotations:
D:2 Robin


Innate Abilities, Weirdness & Mutations

You have a pair of horns on your head.
You reflexively headbutt those who attack you in melee.


Message History

Robin hits you with a +1 spear of freezing.
Robin freezes you. The goblin hits you but does no damage.
You closely miss Robin. You hit the goblin.
Robin hits you with a +1 spear of freezing!
Robin freezes you. The goblin misses you. Robin barely misses you.
You hit Robin but do no damage. You barely miss the goblin.
The goblin closely misses you. You furiously retaliate!
You headbutt the goblin!
You kill the goblin!
Trog accepts your kill.
Robin roars a battlecry!
The goblin goes into a battle-frenzy!
You hit Robin. Your headbutt misses Robin.
Robin is lightly wounded.
Robin barely misses you.
You closely miss Robin. You headbutt Robin.
Robin is heavily wounded.
Robin hits you with a +1 spear of freezing.
Robin freezes you.
You hit Robin but do no damage.
Robin is heavily wounded.
Robin misses you. You furiously retaliate!
You headbutt Robin, but do no damage. You hit Robin but do no damage.
Your headbutt misses Robin.
Robin is heavily wounded.
Robin hits you with a +1 spear of freezing!
* * * LOW HITPOINT WARNING * * *
Robin freezes you.
* * * LOW HITPOINT WARNING * * *
A red film seems to cover your vision as you go berserk!
You feel yourself moving faster!
You feel mighty!
Robin hits you with a +1 spear of freezing.
* * * LOW HITPOINT WARNING * * *
Robin freezes you.
* * * LOW HITPOINT WARNING * * *
You slash Robin!
Robin is almost dead.
You barely miss the goblin. The goblin closely misses you.
Robin hits you with a +1 spear of freezing!
You die...

...... ##... #. ##
##.. .## ##... ..##
##...# ...# #....#
...# #.....
..######...#########.#
.###..###.....)g@g...#
###....###..##########
##††....##..#
.)..†......##
####....#### #.#..#
#...># ######


You could see Robin and a goblin (strong).

Vanquished Creatures
  A dart slug (D:1)
  2 ball pythons
  2 bats (D:1)
  3 endoplasms
  2 giant cockroaches (D:1)
  9 goblins
  5 hobgoblins
  3 jackals (D:2)
  3 quokkas (D:1)
  3 frilled lizards
  2 kobolds (D:2)
  A rat (D:1)
36 creatures vanquished.

Notes
Turn   | Place    | Note
-------+----------+-------------------------------------------
     0 | D:1      | dtburroughs the Minotaur Berserker began the quest for the
                  | Orb.
     0 | D:1      | Reached XP level 1. HP: 19/19 MP: 0/0
   156 | D:1      | Reached XP level 2. HP: 27/27 MP: 1/1
   523 | D:1      | You fall into a shaft and drop 1 floor!
   538 | D:2      | Reached XP level 3. HP: 28/33 MP: 2/2
   875 | D:2      | Noticed Robin
   889 | D:2      | HP: 2/49 [Robin (1)]
   890 | D:2      | Slain by Robin

Illustrated notes

Levels and vault maps discovered:
D:1:      evilmike_arrival_rings, layout_rooms
D:2:      layout_basic, serial_corexii_hall, chequers_hall_statues_wall_a,
          corexii_hall_statues_x, corexii_hall_statues_deadend, minivault_19,
          minmay_tall_x, uniq_natasha, uniq_robin

Skill      XL: |  1  2  3 |
---------------+----------+-----
Axes           | 4 |  4.2
Fighting       | 4 |  4.2
Armour         | 3 |  3.1
Dodging        | |  2.9

Action                   || total
-------------------------++-------
Melee: Hand axe          ||    55
       Headbutt          ||     7
Invok: Berserk           ||     1
Armor: Animal skin       ||    10
Dodge: Dodged            ||    50
